 Dungeon Crawl Stone Soup version 0.29.1-15-g9cfb28693d (webtiles) character file.

Game seed: 11518845975646981365

115316 raph the Executioner (level 16, -10/149 HPs)
             Began as a Hill Orc Berserker on Apr 5, 2023.
             Was a High Priest of Trog.
             Mangled by a seven-headed hydra (15 damage)
             ... called by a spriggan druid
             ... on level 2 of the Swamp on Apr 8, 2023.
             The game lasted 00:47:20 (35349 turns).

raph the Executioner (Hill Orc Berserker)          Turns: 35349, Time: 00:47:21

Health: -10/149    AC: 34    Str: 22    XL:     16   Next: 68%
Magic:  0/16       EV: 12    Int:  7    God:    Trog [*****.]
Gold:   558        SH:  8    Dex: 16    Spells: 15/15 levels left

rFire   + . .      SeeInvis .   a - +8 frozen axe "Frostbite" {freezing cloud, *Noise Fly rC+}
rCold   + . .      Faith    .   (shield currently unavailable)
rNeg    . . .      Spirit   +   Z - +4 plate armour {rF+}
rPois   +          Reflect  .   d - +1 helmet
rElec   .          Harm     .   U - +1 cloak {Will+}
rCorr   .          Rampage  .   p - +1 pair of gloves
Will    ++...                   m - +1 pair of boots
Stlth   ..........              h - brooch of Shielding {Spirit SH+8}
HPRegen 0.34/turn               Y - ring of poison resistance
MPRegen 0.15/turn               o - +4 ring of protection

@: flying, studying 4 skills
A: no striking features
a: Renounce Religion, Berserk, Trog's Hand, Brothers in Arms


You were on level 2 of the Swamp.
You worshipped Trog.
Trog was extremely pleased with you.
You visited 4 branches of the dungeon, and saw 24 of its levels.
You also visited: Volcano.

You collected 2671 gold pieces.
You spent 2113 gold pieces at shops.

Inventory:

Hand Weapons
 a - the +8 frozen axe "Frostbite" (weapon) {freezing cloud, *Noise Fly rC+}
   (You found it on level 12 of the Dungeon)

   It freezes those it strikes, dealing additional cold damage.
   It can also slow down cold-blooded creatures.
   It occasionally leaves clouds of freezing vapour upon striking a foe.
   It grants immunity to clouds of freezing vapour.
   rC:        It protects you from cold.
   Fly:       It grants you flight.
   *Noise:    It may make noises in combat.
 b - a +0 war axe of flaming
 l - a +7 vorpal broad axe
 R - a +1 broad axe
Missiles
 r - 14 boomerangs (quivered)
 D - 18 poisoned darts
 H - 3 throwing nets
 S - 6 silver javelins
Armour
 d - a +1 helmet (worn)
 m - a +1 pair of boots (worn)
 p - a +1 pair of gloves (worn)
 U - a +1 cloak of willpower (worn)
 Z - a +4 plate armour of fire resistance (worn)
Jewellery
 e - the ring of Lux Jimo {rF+ Slay+3 SInv}
   (You bought it in a shop on level 2 of the Orcish Mines)

   [ring of protection from fire]

   Slay:      It affects your accuracy & damage with ranged weapons and melee
   (+3).
   rF:        It protects you from fire.
   SInv:      It lets you see invisible.
 h - the brooch of Shielding (around neck) {Spirit SH+8}
   (You acquired it on level 13 of the Dungeon)

   [amulet of guardian spirit]

   It causes incoming damage to be divided between your reserves of health and
   magic.
   SH:        It affects your SH (+8).
 i - the ring of Zunle {Fire rElec rN+}
   (You took it off a spriggan on level 5 of the Lair of Beasts)

   [ring of fire]

   It enhances your fire magic.
   rF:        It protects you from fire.
   rC:        It makes you vulnerable to cold.
   rElec:     It insulates you from electricity.
   rN:        It protects you from negative energy.
 j - a ring of protection from fire
 o - a +4 ring of protection (right hand)
 F - an amulet of the acrobat
 G - a ring of ice
 K - the ring "Qekhliho" {rF- Will+ rCorr Str+4}
   (You took it off a vampire on level 10 of the Dungeon)

   [ring of willpower]

   Str:       It affects your strength (+4).
   rF:        It makes you vulnerable to fire.
   rCorr:     It protects you from acid and corrosion.
   Will:      It increases your willpower.
 Y - a ring of poison resistance (left hand)
Wands
 c - a wand of paralysis (24)
 f - a wand of polymorph (5)
 k - a wand of digging (5)
 y - a wand of mindburst (6)
 J - a wand of flame (32)
 N - a wand of iceblast (6)
 P - a wand of light (6)
Scrolls
 n - a scroll of enchant weapon
 t - 7 scrolls of fear
 C - 2 scrolls of brand weapon
 E - 10 scrolls of teleportation
 I - 2 scrolls of blinking
 M - 3 scrolls of magic mapping
 O - a scroll of fog
 X - a scroll of poison
Potions
 g - 3 potions of ambrosia
 s - 7 potions of mutation
 u - 2 potions of curing
 v - a potion of attraction
 w - 5 potions of haste
 x - 8 potions of might
 z - 3 potions of cancellation
 A - 4 potions of resistance
 B - 2 potions of invisibility
 Q - a potion of berserk rage
 V - 2 potions of heal wounds
Miscellaneous
 L - a phial of floods
 T - a phantom mirror


   Skills:
 + Level 15.6 Fighting
 * Level 21.5 Axes
 + Level 8.7 Throwing
 + Level 13.5 Armour
 + Level 11.0 Dodging
 - Level 10.9 Shields
 - Level 7.0 Evocations


You had 15 spell levels left.
You didn't know any spells.
Your spell library was empty.

Dungeon Overview and Level Annotations

Branches:
Dungeon (15/15)            Temple (0/1) D:6            Lair (5/5) D:11
  Swamp (2/4) Lair:2       Spider (0/4) Lair:2        Slime (0/5) Lair:4
    Orc (2/2) D:12            Elf (0/3) Orc:2        Vaults (0/5) D:14
 Depths (0/4) D:15        Volcano (visited)

Altars:
Ashenzari
Dithmenos
Elyvilon
Kikubaaqudgha
Makhleb
Ru
Uskayaw
Vehumet
Xom
The Shining One
Jiyva
Lugonu

Shops:
D:7 =   D:9 :   D:12 :   Orc:2 ((==

Portals:
Abyss: Lair:5
Trove: D:10 (give 17 scrolls of teleportation)

Annotations:
D:4 2 transporters, Weresquid's ghost, amateur GrGl
D:13 2 transporters, Galthrax's ghost, journeyman KoHu
Lair:3 3 runed translucent doors, Jyacosit's ghost, journeyman TeAE; Oluanan's ghost, journeyman DsFi
Swamp:1 1 runed translucent door, Xanler's ghost, journeyman MiBe


Message History

The tyrant leech draws strength from your injuries!
The five-headed hydra bites you!
The five-headed hydra bites you but does no damage. x4
You hack one of the five-headed hydra's heads off!
The four-headed hydra grows two more!
You slice the six-headed hydra!! You freeze the six-headed hydra.
The six-headed hydra is moderately wounded.
You hit the tyrant leech. You freeze the tyrant leech.
The spriggan rider barely misses you. You block the spriggan rider's attack.
You chop one of the six-headed hydra's heads off!
The five-headed hydra grows two more!
You carve the seven-headed hydra like a ham!!!
The seven-headed hydra seems to slow down.
You freeze the seven-headed hydra!
The seven-headed hydra is almost dead.
You miss the swamp worm. You slash the tyrant leech!
You freeze the tyrant leech. The swamp worm bites you!
The tyrant leech bites you!!
The tyrant leech draws strength from your injuries!
The seven-headed hydra bites you!!
You block the seven-headed hydra's attack.
The seven-headed hydra barely misses you.
You block the seven-headed hydra's attack.
The seven-headed hydra bites you but does no damage.
The seven-headed hydra misses you.
You block the seven-headed hydra's attack.
The spriggan rider completely misses you.
You are too injured to fight recklessly!
The spriggan rider hits you but does no damage.
The swamp worm fires a harpoon shot at you.
The harpoon shot hits you.
You are yanked forward by the harpoon shot.
The tyrant leech bites you!!!
* * * LOW HITPOINT WARNING * * *
The tyrant leech draws strength from your injuries!
You block the spriggan rider's attack. The seven-headed hydra bites you!
* * * LOW HITPOINT WARNING * * *
The seven-headed hydra bites you but does no damage. x3
The seven-headed hydra bites you!
You die...

♣..~.♣ .....♣♣
♣♣♣♣♣♣♣.~.♣♣♣ ~~...~♣
....~.~~~... ~~~..♣♣
♣.....~~~~~. .~~~.~♣♣♣♣
♣♣♣~...~~~~~§.
.~~~~.~~~♣♣♣..~~~~~~~~~~§
~~^...~~~§~♣.~~~..~~§~~~~
~......~~~~....w.)i~~§~~~
.~..~~...~.♣♣♣♣D@.i.~.~~.
~.~~~~~..~~~.♣~w~.)......
~.§~~~~.<.~~~.~§..~..~...
♣.~~~..~~..§~...~♣♣♣.~...
♣~.....~......~♣♣♣ ~..♣♣
♣..~.~~~.........♣ ♣~♣
♣~~~~~~~~..~.♣~~♣♣ ♣♣
~~~~~~~~~♣..~♣♣♣♣
♣.~§.....♣♣~♣♣


You could see a seven-headed hydra (strong, slow), a tyrant leech (strong), 2
spriggan riders and a swamp worm (strong).

Vanquished Creatures
  Nikola (Swamp:1)
  Kirke (D:15)
  A thorn hunter (Swamp:1)
  An azure jelly (shapeshifter) (Lair:5)
  An orc warlord (Orc:1)
  A stone giant (D:10)
  A red draconian (Volcano)
  Snorg (D:14)
  2 bunyips (Swamp:1)
  The ghost of amentoraz the Grappler, a journeyman TrFi of Okawaru (Lair:1)
  Fannar (D:11)
  A vault guard (D:14)
  5 boulder beetles
  2 ice dragons
  The ghost of ponobo the Thaumaturge, a journeyman GnFE of Cheibriados (Orc:1)
  Harold (D:10)
  Erica (D:8)
  7 hydras
  9 two-headed ogres
  2 alligators (Swamp:1)
  A catoblepas (Lair:4)
  9 centaur warriors
  A dancing weapon (Lair:1)
  5 death yaks (Lair:3)
  A tengu warrior (D:13)
  3 thrashing horrors (Lair:5)
  A shock serpent (shapeshifter) (Lair:5)
  A skeletal warrior (D:15)
  A goliath frog (Swamp:1)
  2 spriggan druids (Swamp:2)
  A flayed ghost (D:15)
  2 bog bodies
  2 large abominations (Lair:5)
  2 necromancers
  3 orc knights (Orc:2)
  Pikel (D:8)
  2 deep elf pyromancers
  10 ugly things
  A fire giant zombie (D:15)
  An orc sorcerer (D:7)
  4 cyclopes
  A will-o-the-wisp (Swamp:1)
  4 manticores
  4 black mambas
  A frost giant skeleton (D:15)
  Maurice (D:8)
  17 elephants
  2 gargoyles (D:11)
  A smoke demon (Lair:5)
  2 torpor snails (Lair:5)
  11 cane toads
  2 molten gargoyles (Volcano)
  An unseen horror (D:12)
  Maggie (D:8)
  5 kobold demonologists (D:11)
  2 rime drakes
  6 komodo dragons
  A tengu conjurer (D:10)
  An ancient zyme (Lair:5)
  3 polar bears
  5 hornets
  6 trolls
  A tyrant leech (Swamp:1)
  2 slime creatures (Lair:4)
  21 blink frogs
  A jumping spider (Lair:2)
  Sigmund (D:2)
  5 centaur simulacra
  6 spriggans
  2 shadows
  A ynoxinul (Lair:5)
  6 hogs (D:15)
  5 wyverns
  2 vampires
  7 fire bats (Volcano)
  57 yaks
  2 chaos spawn (Lair:5)
  A water elemental (D:13)
  10 small abominations (Lair:5)
  A human (shapeshifter) (D:14)
  3 basilisks
  2 redbacks (Lair:2)
  2 steam dragons
  A warg (Orc:1)
  7 swamp worms
  3 acid dragons
  11 vampire mosquitoes
  10 water moccasins
  2 sky beasts
  2 ice beasts (D:5)
  30 orc warriors
  3 black bears
  25 centaurs
  4 ogres
  16 wolves
  3 lemures (D:8)
  3 kobold brigands
  4 gnoll sergeants
  A necrophage (D:6)
  12 bullfrogs
  2 scorpions
  6 wights
  28 killer bees
  3 howler monkeys
  2 electric eels
  A crimson imp (D:7)
  7 lava snakes (Volcano)
  9 hounds
  12 orc priests
  5 jellies
  Crazy Yiuf (D:3)
  5 iguanas
  18 orc wizards
  10 gnolls
  12 adders
  5 white imps
  An ufetubus (D:6)
  3 worms
  2 dart slugs
  50 orcs
  4 endoplasms
  8 giant cockroaches
  6 goblins
  12 hobgoblins
  7 quokkas
  4 ball pythons
  6 bats
  3 frilled lizards
  14 kobolds
  3 rats
696 creatures vanquished.

Vanquished Creatures (collateral kills)
  A caustic shrike skeleton (D:15)
  An ogre mage (Volcano)
  A two-headed ogre (Volcano)
  A skeletal warrior (D:15)
  A sphinx zombie (D:15)
  5 yaks (Lair:5)
  4 orc warriors (Orc:2)
14 creatures vanquished.

Vanquished Creatures (others)
  A bog body (Swamp:1)
  A tyrant leech (Swamp:1)
  A swamp worm (Swamp:1)
  A sky beast (D:6)
  A centaur (Orc:2)
  An orc wizard (D:5)
  An orc (Orc:2)
  2 foxfires (Swamp:1)
  34 fungi
  25 plants
  8 toadstools (Swamp:1)
  10 withered plants
86 creatures vanquished.

Grand Total: 796 creatures vanquished

Notes
Turn   | Place    | Note
-------+----------+-------------------------------------------
     0 | D:1      | raph the Hill Orc Berserker began the quest for the Orb.
     0 | D:1      | Reached XP level 1. HP: 19/19 MP: 1/1
   195 | D:1      | Reached XP level 2. HP: 25/26 MP: 2/2
   519 | D:1      | Reached skill level 5 in Axes
   619 | D:1      | Found a faded altar of an unknown god.
   721 | D:1      | Reached ** piety under Trog
   740 | D:1      | Reached XP level 3. HP: 30/31 MP: 3/3
  1214 | D:2      | Reached skill level 6 in Axes
  1214 | D:2      | Reached XP level 4. HP: 30/39 MP: 4/4
  1755 | D:2      | Found a glowing golden altar of the Shining One.
  1868 | D:2      | Noticed Sigmund
  1873 | D:2      | Killed Sigmund
  1874 | D:2      | Reached skill level 8 in Axes
  1874 | D:2      | Reached XP level 5. HP: 45/45 MP: 5/5
  1874 | D:2      | Reached XP level 6. HP: 51/51 MP: 6/6
  2221 | D:3      | Reached skill level 9 in Axes
  2315 | D:3      | Found a runed translucent door.
  2316 | D:3      | Noticed Crazy Yiuf
  2327 | D:3      | Killed Crazy Yiuf
  2661 | D:3      | Found a radiant altar of Vehumet.
  2661 | D:3      | Found a shadowy altar of Dithmenos.
  2910 | D:4      | Found a transporter.
  2913 | D:4      | Noticed Weresquid's ghost (amateur GrGl)
  2923 | D:4      | Reached skill level 10 in Axes
  2923 | D:4      | Reached XP level 7. HP: 56/57 MP: 7/7
  3027 | D:4      | Found a transporter.
  3108 | D:4      | Reached *** piety under Trog
  3528 | D:4      | Found a hide-covered altar of Uskayaw.
  3591 | D:5      | Entered Level 5 of the Dungeon
  3681 | D:5      | Reached skill level 11 in Axes
  4438 | D:5      | Reached skill level 12 in Axes
  4438 | D:5      | Reached XP level 8. HP: 48/64 MP: 8/8
  4995 | D:5      | Reached skill level 13 in Axes
  5608 | D:5      | Reached skill level 14 in Axes
  6231 | D:6      | Noticed a vampire
  6232 | D:6      | Reached XP level 9. HP: 71/71 MP: 9/9
  6418 | D:6      | HP: 1/109 [something (10)]
  6422 | D:6      | Reached skill level 5 in Fighting
  7575 | D:6      | Found a white marble altar of Elyvilon.
  7590 | D:6      | Found a staircase to the Ecumenical Temple.
  7952 | D:7      | Found Gaomigaj's Jewellery Boutique.
  7983 | D:7      | Found a sacrificial altar of Ru.
  8008 | D:7      | Reached skill level 5 in Armour
  8213 | D:7      | Noticed an orc sorcerer
  8214 | D:7      | Paralysed by an orc sorcerer for 2 turns
  8216 | D:7      | Noticed a rust devil
  8217 | D:7      | Noticed a red devil
  8451 | D:7      | Reached skill level 15 in Axes
  8453 | D:7      | Reached XP level 10. HP: 53/84 MP: 10/10
  8758 | D:7      | Killed an orc sorcerer
  8933 | D:7      | Found a shimmering altar of Xom.
  8933 | D:7      | Found a burning altar of Makhleb.
  9345 | D:8      | Noticed Maurice
  9367 | D:8      | Killed Maurice
 10100 | D:7      | Bought an amulet of the acrobat for 390 gold pieces
 10131 | D:8      | Noticed Erica
 10140 | D:8      | Killed Erica
 10141 | D:8      | Reached skill level 5 in Dodging
 10312 | D:8      | Noticed Maggie
 10330 | D:8      | Killed Maggie
 10402 | D:8      | Noticed Pikel
 10416 | D:8      | Killed Pikel
 10844 | D:8      | Reached XP level 11. HP: 85/95 MP: 11/11
 11150 | D:9      | Found Imneukik's Book Emporium.
 11160 | D:9      | Reached skill level 16 in Axes
 11729 | D:9      | Reached **** piety under Trog
 12332 | D:9      | Noticed a manticore
 12340 | D:9      | Killed a manticore
 12799 | D:10     | Entered Level 10 of the Dungeon
 12806 | D:10     | Noticed Harold
 12815 | D:10     | Killed Harold
 12816 | D:10     | Reached skill level 1 in Shields
 12904 | D:10     | Noticed a two-headed ogre
 12905 | D:10     | Noticed a two-headed ogre
 12910 | D:10     | Killed a two-headed ogre
 12917 | D:10     | Killed a two-headed ogre
 13578 | D:10     | Reached skill level 10 in Fighting
 13625 | D:10     | Noticed a two-headed ogre
 13636 | D:10     | Killed a two-headed ogre
 13799 | D:10     | Identified the ring "Qekhliho" {rF- Will+ rCorr Str+4}
 14313 | D:10     | Reached XP level 12. HP: 79/107 MP: 12/12
 14484 | D:10     | Noticed a stone giant
 14499 | D:10     | Killed a stone giant
 14785 | D:10     | Identified the +4 short sword "Gefob" {venom, Contam Will+
                  | SInv}
 14839 | D:10     | Found a portal to a secret trove of treasure.
 15333 | D:11     | Reached skill level 5 in Shields
 15396 | D:11     | Noticed a boulder beetle
 15417 | D:11     | Killed a boulder beetle
 15714 | D:11     | Reached skill level 10 in Armour
 15719 | D:11     | Reached skill level 1 in Throwing
 15719 | D:11     | Reached skill level 1 in Evocations
 15720 | D:11     | Found a staircase to the Lair.
 16216 | D:11     | Noticed Fannar
 16234 | D:11     | Killed Fannar
 16470 | Lair:1   | Entered Level 1 of the Lair of Beasts
 16690 | Lair:1   | Found a runed translucent door.
 16692 | Lair:1   | Found a shimmering altar of Xom.
 16692 | Lair:1   | Noticed amentoraz's ghost (journeyman TrFi)
 17646 | Lair:1   | Reached XP level 13. HP: 92/117 MP: 13/13
 18053 | Lair:1   | Reached ***** piety under Trog
 18617 | Lair:1   | Killed amentoraz's ghost
 19369 | Lair:2   | Received a gift from Trog
 20307 | Lair:2   | You fall into a shaft and drop 2 floors!
 20654 | Lair:3   | Found a runed translucent gate.
 20654 | Lair:3   | Found a runed translucent gate.
 20654 | Lair:3   | Found a runed translucent gate.
 20662 | Lair:3   | Noticed Jyacosit's ghost (journeyman TeAE)
 20662 | Lair:3   | Noticed Oluanan's ghost (journeyman DsFi)
 20674 | Lair:3   | Found a dark tunnel.
 20680 | Volcano  | Entered a volcano
 21211 | Volcano  | Found a radiant altar of Vehumet.
 21235 | Volcano  | HP: 4/119 [two-headed ogre/+0 giant club of flaming (18)]
 21522 | Volcano  | Noticed a red draconian
 21528 | Volcano  | Killed a red draconian
 21741 | Lair:3   | Reached XP level 14. HP: 127/127 MP: 14/14
 22086 | Lair:3   | Reached skill level 5 in Evocations
 22087 | Lair:3   | Reached skill level 17 in Axes
 23089 | Lair:2   | Found a staircase to the Swamp.
 23181 | Lair:2   | Identified the +5 quarterstaff "Uneisoag" {freeze, MP+9
                  | Str+5 Dex-2}
 23278 | Lair:2   | Found a hole to the Spider Nest.
 23789 | Lair:4   | Reached skill level 5 in Throwing
 24126 | Lair:4   | Found a staircase to the Slime Pits.
 24126 | Lair:4   | Found a viscous altar of Jiyva.
 24491 | Lair:5   | Entered Level 5 of the Lair of Beasts
 25500 | Lair:5   | Reached skill level 10 in Shields
 25689 | Lair:5   | Reached XP level 15. HP: 39/136 MP: 15/15
 26113 | Lair:5   | Identified the ring of Zunle {Fire rElec rN+}
 26186 | Lair:5   | Noticed an emperor scorpion
 26193 | Lair:5   | Noticed an azure jelly
 26193 | Lair:5   | an emperor scorpion changed into an azure jelly
 26197 | Lair:5   | Killed an azure jelly
 26389 | Lair:5   | Found a corrupted altar of Lugonu.
 26389 | Lair:5   | Found a one-way gate to the infinite horrors of the Abyss.
 27037 | D:12     | Found an ancient bone altar of Kikubaaqudgha.
 27918 | D:12     | Found a broken altar of Ashenzari.
 28230 | D:12     | Found the +8 frozen axe "Frostbite" {freezing cloud, *Noise
                  | Fly rC+}
 28481 | D:12     | Reached skill level 18 in Axes
 28581 | D:12     | Found Cojenwar's Book Boutique.
 28585 | D:12     | Bought a manual of Axes for 1040 gold pieces
 28877 | D:12     | Found a staircase to the Orcish Mines.
 29002 | Orc:1    | Entered Level 1 of the Orcish Mines
 29013 | Orc:1    | Received a gift from Trog
 29105 | Orc:1    | Noticed an orc warlord
 29115 | Orc:1    | Killed an orc warlord
 29339 | Orc:1    | Found a shimmering altar of Xom.
 29458 | Orc:1    | Found a runed translucent door.
 29459 | Orc:1    | Noticed ponobo's ghost (journeyman GnFE)
 29500 | Orc:1    | Killed ponobo's ghost
 29503 | Orc:1    | Identified the +7 morningstar of Revolt {freeze, rF+ Int+3}
 29686 | Orc:2    | Entered Level 2 of the Orcish Mines
 30674 | Orc:2    | Found a staircase to the Elven Halls.
 30855 | Orc:2    | Found Waygeatu's Antique Weapon Emporium.
 30855 | Orc:2    | Found Fecsunli's Jewellery Shop.
 30855 | Orc:2    | Found Arug's Jewellery Boutique.
 30858 | Orc:2    | Found Asatuar's Antique Weapon Shoppe.
 30869 | Orc:2    | Bought the ring of Lux Jimo {rF+ Slay+3 SInv} for 683 gold
                  | pieces
 31268 | D:13     | Reached skill level 19 in Axes
 31373 | D:13     | Noticed Galthrax's ghost (journeyman KoHu)
 31385 | D:13     | Identified 3 scrolls of acquirement
 31488 | D:13     | Acquired the brooch of Shielding {Spirit SH+8}
 31488 | D:13     | Found the brooch of Shielding {Spirit SH+8}
 31500 | D:13     | Acquired a manual of Dodging
 31502 | D:13     | Acquired a manual of Fighting
 31506 | D:13     | Found a transporter.
 31537 | D:13     | Found a transporter.
 32009 | D:14     | Reached skill level 10 in Dodging
 32373 | D:14     | Received a gift from Trog
 32491 | D:14     | Reached XP level 16. HP: 127/146 MP: 13/16
 32613 | D:14     | Acquired a manual of Throwing
 32684 | D:14     | Noticed Snorg
 32691 | D:14     | Killed Snorg
 32816 | D:14     | Found a gate to the Vaults.
 33009 | D:15     | Entered Level 15 of the Dungeon
 33337 | D:15     | Reached skill level 20 in Axes
 33422 | D:15     | Found a staircase to the Depths.
 33423 | D:15     | Noticed Kirke
 33519 | D:15     | Killed Kirke
 33857 | D:15     | Reached skill level 15 in Fighting
 34329 | Swamp:1  | Entered Level 1 of the Swamp
 34472 | Swamp:1  | Found a runed translucent door.
 34512 | Swamp:1  | Noticed Xanler's ghost (journeyman MiBe)
 34538 | Swamp:1  | Reached skill level 21 in Axes
 34720 | Swamp:1  | Identified the +9 quick blade "Jidig" {pain, *Corrode rN+
                  | Str+4 Int+3}
 34813 | Swamp:1  | Noticed Nikola
 34826 | Swamp:1  | Killed Nikola
 34846 | Swamp:1  | Noticed a thorn hunter
 34857 | Swamp:1  | Killed a thorn hunter
 35349 | Swamp:2  | HP: 5/149 [seven-headed hydra[a spriggan druid] (13)]
 35349 | Swamp:2  | Mangled by a seven-headed hydra

Illustrated notes

Levels and vault maps discovered:
D:1:      spicycebolla_green_bress_n_ham, layout_loops_ring,
          hellmonk_ecumenical_altar_zigzags
D:2:      layout_basic, basic_altar, uniq_sigmund
D:3:      cheibrodos_helix_gallery, layout_rooms,
          nicolae_overflow_two_pavilions, uniq_crazy_yiuf_cottage
D:4:      layout_basic, mainiacjoe_overflow_alcove_2, gammafunk_ghost_stat_death
D:5:      minmay_bubble_buster, layout_loops_corners
D:6:      cheibrodos_barr_body, layout_loops_cross,
          lemuel_coloured_pillars_altar, kennysheep_generic_room_10
D:7:      cheibrodos_wizards_tower, layout_basic,
          grunt_temple_overflow_champion_of_chaos,
          nicolae_ru_sacrificial_ziggurat, serial_shops,
          nicolae_shop_window_shopping
D:8:      layout_gridville, patterned_corridor, uniq_maggie, uniq_pikel,
          uniq_erica, uniq_maurice
D:9:      layout_grid_maze, serial_shops, shop
D:10:     layout_roguey, nicolae_trove_entry_columns, minmay_the_grid_2x2
          [minmay_the_grid_paths, minmay_the_grid_diamond_grid,
          minmay_the_grid_box_x, minmay_the_grid_prize_diamond_cup], uniq_harold
D:11:     layout_cave_pods, lair_entry_dummy, minmay_bent, uniq_fannar
D:12:     minmay_coctagon, layout_long_grid, david_orc_4, serial_shops,
          shop_statue, hangedman_feature_mirror
D:13:     layout_roguey, gammafunk_ghost_berserking_beasts, fountainhead
D:14:     layout_gridville, david_vaults_4, hangedman_decor_points, uniq_snorg
D:15:     gammafunk_depths_entry_grave, layout_basic, nicolae_two_hexagons,
          solitary_fountain, uniq_kirke
Lair:1:   layout_regular_city, ebering_ghost_xom, grunt_megastairs_3
Lair:2:   layout_loops_ring, nicolae_swamp_entry_splash_gauntlet,
          spider_nest_entry_a, lemuel_fruit_fields
Lair:3:   layout_gridlike, gammafunk_ghost_cemetery,
          nicolae_volcano_entry_hallway
Lair:4:   layout_regular_city, minmay_slime_entry_pillars, serial_bayou_pond_a
Lair:5:   hellmonk_lair_end_abyssal_woods, layout_gridlike
Swamp:1:  cheibrodos_swamp_tower_of_moss, layout_falls_marsh,
          ebering_ghost_reflecting_pool, nicolae_swamp_well_well_well,
          uniq_nikola
Swamp:2:  layout_basic_swamp, evilmike_swamp_ruin_house_1, swamp_pool1,
          hangedman_swamp_phenomena
Orc:1:    layout_caves, basic_altar, gammafunk_ghost_grave
Orc:2:    st_orc_rangers, layout_caves

Skill      XL: |  1  2  3  4  5  6  7  8  9 10 11 12 13 14 15 16 |
---------------+-------------------------------------------------+-----
Axes           | 5 6 8 10 12 14 15 16 17 19 21 | 21.5
Fighting       | 4 6 8 10 11 12 13 14 15 | 15.6
Dodging        | 2 3 5 7 8 9 10 11 | 11.0
Armour         | 3 5 7 9 10 11 12 13 | 13.5
Shields        | 4 6 7 10 | 10.9
Throwing       | 2 4 5 7 8 |  8.7
Evocations     | 2 4 6 7 |  7.0

Action                   |  1- 3 |  4- 6 |  7- 9 | 10-12 | 13-15 | 16-18 || total
-------------------------+-------+-------+-------+-------+-------+-------++-------
Melee: Hand axe          |    83 |   138 |    59 |       |       |       ||   280
       Punch             |       |     1 |    10 |     2 |       |     1 ||    14
       War axe           |       |       |   345 |   426 |    62 |    15 ||   848
       Broad axe         |       |       |       |   116 |   657 |       ||   773
       Executioner's axe |       |       |       |       |   179 |   180 ||   359
Throw: Dart              |       |       |     1 |     3 |     6 |       ||    10
       Boomerang         |       |       |       |     7 |    16 |       ||    23
Invok: Berserk           |       |     6 |    10 |    14 |    12 |     2 ||    44
       Trog's Hand       |       |       |     6 |     3 |     7 |     2 ||    18
       Brothers in Arms  |       |       |       |       |     6 |     1 ||     7
  Use: Scroll            |       |       |    17 |     8 |    20 |     3 ||    48
       Potion            |       |       |     1 |       |     3 |       ||     4
Armor: Animal skin       |     8 |     6 |       |       |       |       ||    14
       Plate armour      |       |    70 |   263 |   318 |   499 |   148 ||  1298
       Chain mail        |       |     3 |       |       |       |       ||     3
Dodge: Dodged            |    50 |    43 |   127 |   234 |   522 |    91 ||  1067
Block: Kite shield       |       |       |       |   172 |   438 |       ||   610
       Other             |       |       |       |       |    35 |    72 ||   107
